 Dungeon Sprint DCSS version 0.15-a0-1004-gbf4e2e6 (webtiles) character file.

15 MDvedh the Gusty (level 2, -6/15 HPs)
             Began as a Tengu Air Elementalist on May 23, 2014.
             Was an Initiate of Vehumet.
             Mangled by a yellow wasp (11 damage)
             ... in the Dungeon (Sprint IX: "|||||||||||||||||||||||||||||") on May 25, 2014.
             The game lasted 00:02:10 (307 turns).

MDvedh the Gusty (Tengu Air Elementalist)            Turns: 307, Time: 00:02:10

HP  -6/15        AC  3     Str  8      XL: 2   Next: 50%
MP   5/7         EV 13     Int 18      God: Vehumet [......]
Gold 0           SH  0     Dex 17      Spells:  1 memorised,  6 levels left

rFire  . . .     SeeInvis .     o - +2 cutlass (venom)
rCold  . . .     Clarity  .     a - +0 robe
rNeg   . . .     Conserve .     (no shield)
rPois  .         rCorr    .     (helmet restricted)
rElec  .         rRot     .     (no cloak)
SustAb .         Spirit   .     p - +0 pair of gloves
rMut   .         Warding  .     (boots unavailable)
Gourm  .         NoTele   +     (no amulet)
MR     .....                    r - +3 ring of dexterity
                                q - +3 ring of intelligence

@: slowed, very slow, not resistant to hostile enchantments, unstealthy
A: beak, talons 3
a: Renounce Religion


You were in the Dungeon.
You worshipped Vehumet.
Vehumet was noncommittal.
You were not hungry.

You visited 1 branch

Inventory:

Hand weapons
 o - a +2,+2 cutlass of venom (weapon)
Armour
 a - a +0 robe (worn)
 p - a +0 pair of gloves (worn)
Magical devices
 m - a wand of cold (7)
Comestibles
 c - a bread ration
Scrolls
 i - 2 scrolls of blinking
 k - 3 scrolls of remove curse
 l - 2 scrolls of amnesia
Jewellery
 q - a +3 ring of intelligence (left hand)
 r - a +3 ring of dexterity (right hand)
Potions
 d - 5 potions of curing
 e - 3 potions of heal wounds
 f - a potion of haste
 g - 4 potions of magic
 h - a potion of berserk rage
 j - a potion of invisibility
Books
 b - a book of Air

   Spells                             Type                      Level
   *Shock                             Conjuration/Air              1
   Swiftness                          Charms/Air                   2
   Repel Missiles                     Charms/Air                   2
   Flight                             Charms/Air                   3
   Static Discharge                   Conjuration/Air              3
   Lightning Bolt                     Conjuration/Air              5
Magical staves
 n - an uncursed staff of energy


   Skills:
 - Level 2.1 Dodging
 - Level 2.0 Stealth
 + Level 3.2 Spellcasting
 + Level 3.9 Conjurations
 + Level 5.3 Air Magic


You had 6 spell levels left.
You knew the following spells:

 Your Spells              Type           Power        Failure   Level  Hunger
a - Shock                 Conj/Air       ###.         2%          1    None


Dungeon Overview and Level Annotations

Branches:
Dungeon (1/1)

Altars:
Cheibriados
Dithmenos
Elyvilon
Fedhas
Gozag
Kikubaaqudgha
Makhleb
Nemelex Xobeh
Okawaru
Qazlal
Sif Muna
Trog
Vehumet
Xom
Yredelemnul
Zin
The Shining One
Beogh
Jiyva
Lugonu


Innate Abilities, Weirdness & Mutations

You have a beak for a mouth.
You have claws for feet.


Message History

The troll is lightly wounded.
Drink which item? (? for menu, Esc to quit)
Okay, then.
Casting: Shock
Confirm with . or Enter, or press ? or * to list all spells.
Aiming: Shock
Press: ? - help, Shift-Dir - straight line, f - yellow wasp
Aim: a yellow wasp (moderately wounded)
The zap misses the yellow wasp.
The zap misses the giant frog.
The zap hits the centaur.
The centaur is heavily wounded.
The zap hits the deep elf mage.
The deep elf mage is moderately wounded.
The zap hits the troll.
The troll is moderately wounded.
The yellow wasp stings you!
Ouch! That really hurt!
You feel yourself slow down. The yellow wasp stings you!
Ouch! That really hurt!
You die... ▓▓▓▓▓▓▓▓▓▓▓▓▓▓▓▓▓▓▓▓▓▓▓▓▓ _______'...).[[.@yFce.T.+ ▓▓▓▓▓▓▓▓▓▓▓▓▓▓▓▓▓▓▓▓▓▓▓▓▓

You could see a troll, a deep elf mage, a giant frog, a yellow wasp and a centaur.

Vanquished Creatures
  A giant gecko (D)
  An ooze (D)
  2 orcs (D)
  2 bats (D)
  A hobgoblin (D)
  A giant gecko skeleton (D)
  2 goblins (D)
  A rat skeleton (D)
11 creatures vanquished.

Notes
Turn   | Place    | Note
--------------------------------------------------------------
     0 | D        | MDvedh, the Tengu Air Elementalist, began the quest for the Orb.
     0 | D        | Reached XP level 1. HP: 10/10 MP: 3/3
    16 | D        | Reached XP level 2. HP: 7/15 MP: 0/6
    17 | D        | Upgraded the game from 0.15-a0-970-ga23ad50 to 0.15-a0-1004-gbf4e2e6
   179 | D        | Reached skill level 5 in Air Magic
   245 | D        | Found a glowing silver altar of Zin.
   245 | D        | Found a glowing golden altar of the Shining One.
   245 | D        | Found an ancient bone altar of Kikubaaqudgha.
   245 | D        | Found a basalt altar of Yredelemnul.
   245 | D        | Found a shimmering altar of Xom.
   245 | D        | Found a radiant altar of Vehumet.
   245 | D        | Found an iron altar of Okawaru.
   246 | D        | Found a burning altar of Makhleb.
   247 | D        | Found a deep blue altar of Sif Muna.
   248 | D        | Found a bloodstained altar of Trog.
   249 | D        | Found a sparkling altar of Nemelex Xobeh.
   250 | D        | Found a white marble altar of Elyvilon.
   251 | D        | Found a roughly hewn altar of Beogh.
   252 | D        | Found a viscous altar of Jiyva.
   253 | D        | Found a corrupted altar of Lugonu.
   254 | D        | Found a blossoming altar of Fedhas.
   257 | D        | Became a worshipper of Vehumet
   260 | D        | Found a snail-covered altar of Cheibriados.
   261 | D        | Found a shadowy altar of Dithmenos.
   262 | D        | Found a stormy altar of Qazlal.
   263 | D        | Found an opulent altar of Gozag.
   300 | D        | Noticed a yellow wasp
   300 | D        | Noticed a giant frog
   300 | D        | Noticed a centaur
   300 | D        | Noticed a deep elf mage
   300 | D        | Noticed a troll
   307 | D        | Mangled by a yellow wasp

Action                   || total
-------------------------++-------
Melee: Unarmed           ||     7
 Cast: Shock             ||    10
